 Dungeon Crawl Stone Soup version 0.27-a0-1149-g4505690ab0 (webtiles) character file.

Game seed: 5530024707119751595

208 leviel the Chopper (level 5, -11/47 HPs)
             Began as a Minotaur Monk on May 13, 2021.
             Mangled by Menkaure (23 damage)
             ... on level 5 of the Dungeon.
             The game lasted 00:02:47 (2935 turns).

leviel the Chopper (Minotaur Monk)                  Turns: 2935, Time: 00:02:48

Health: -11/47     AC:  5    Str: 16    XL:     5   Next: 55%
Magic:  4/4        EV: 12    Int:  7    God:
Gold:   133        SH:  0    Dex: 13    Spells: 4/4 levels left

rFire    . . .     SeeInvis .   a - +0 hand axe
rCold    . . .     Faith    .   (no shield)
rNeg     . . .     Spirit   .   m - +0 ring mail
rPois    .         Reflect  .   (helmet restricted)
rElec    .         Harm     .   (no cloak)
rCorr    .         Rampage  .   (no gloves)
Will     .....                  (no boots)
Stlth    +.........             (no amulet)
HPRegen  0.15/turn              k - ring of flight
MPRegen  0.09/turn              (no ring)

@: flying
A: horns 2, retaliatory headbutt
a: no special abilities


You were on level 5 of the Dungeon.
You visited 1 branch of the dungeon, and saw 5 of its levels.

You collected 133 gold pieces.

Inventory:

Hand Weapons
 a - a +0 hand axe (weapon)
Armour
 m - a +0 ring mail (worn)
Jewellery
 k - a ring of flight (left hand)
 n - a ring of fire
Scrolls
 e - 4 scrolls of identify {unknown}
 f - a scroll of enchant armour {unknown}
 i - 3 scrolls of teleportation {unknown}
 j - a scroll of torment {unknown}
Potions
 b - a potion of attraction {unknown}
 c - 3 potions of flight
 d - a potion of magic {unknown}
 g - 3 potions of mutation {unknown}
 h - a potion of might {unknown}
 l - a potion of curing {unknown}


   Skills:
 + Level 4.5 Fighting
 * Level 5.6 Axes
 + Level 4.2 Dodging
 - Level 2.6 Stealth


You had 4 spell levels left.
You didn't know any spells.
Your spell library contained the following spells:

 Spells                   Type           Power      Damage    Failure   Level
 Animate Skeleton         Necr           0%         N/A       65%         1
 Beastly Appendage        Tmut           0%         N/A       65%         1
 Pain                     Necr           0%         1d4       65%         1
 Wereblood                Tmut           0%         N/A       80%         2
 Spider Form              Tmut/Pois      0%         N/A       95%         3
 Vampiric Draining        Necr           0%         2d6       95%         3
 Animate Dead             Necr           0%         N/A       100%        4
 Ice Form                 Ice/Tmut       0%         N/A       100%        4
 Agony                    Necr           0%         N/A       100%        5
 Hydra Form               Tmut           0%         N/A       100%        5


Dungeon Overview and Level Annotations

Branches:
Dungeon (5/15)             Temple (0/1) D:5

Altars:
Fedhas
Hepliaklqana
Sif Muna
Vehumet
Xom

Annotations:
D:5 Menkaure


Innate Abilities, Weirdness & Mutations

You have a pair of horns on your head.
You reflexively headbutt those who attack you in melee.


Message History

Menkaure, Prince of Dust comes into view.
Menkaure shouts!
A killer bee zombie comes into view.
Found 6 gold pieces.
You start waiting.
Menkaure is nearby!
Menkaure hits you!
You barely miss Menkaure. Your headbutt misses Menkaure.
Menkaure hits you but does no damage.
You hit Menkaure.
Menkaure is lightly damaged.
You hit Menkaure.
Menkaure is moderately damaged.
Menkaure barely misses you.
You barely miss Menkaure.
Menkaure is moderately damaged.
Menkaure breathes soot at you. Menkaure hits you!
You hit Menkaure.
You headbutt Menkaure, but do no damage.
Menkaure is moderately damaged.
Menkaure calls on the powers of darkness!
Your body is wracked with pain!
* * * LOW HITPOINT WARNING * * *
You hit Menkaure.
Menkaure is heavily damaged.
Menkaure closely misses you.
You hit Menkaure.
Menkaure is severely damaged.
You hit Menkaure.
Menkaure is almost destroyed.
Menkaure closely misses you.
You barely miss Menkaure.
Menkaure is almost destroyed.
Menkaure gestures wildly while chanting.
Menkaure seems to speed up.
You barely miss Menkaure.
Menkaure is almost destroyed.
Menkaure hits you!!
You die...

....# #...'....#
....+
#...#....#....###
....#
#...######..M...#
....#
##..##...#.......
....#
#..##...#.......
....#
#.......#....#..
#.......##..##......$
#.......##..##...#
#...##..##..@MZ..#
#... #..##..##..##
#.. ...##### ..#.. #.
#...# .##..>. #...#
.. ... .# .. .. . ##


You could see Menkaure (fast) and a killer bee zombie.

Vanquished Creatures
  A hound (D:4)
  A jelly (D:4)
  Jessica (D:2)
  Terence (D:2)
  A hound skeleton (D:4)
  A gnoll (D:3)
  2 dart slugs
  An orc (D:4)
  7 endoplasms
  2 giant cockroaches
  3 goblins
  3 hobgoblins
  6 jackals
  6 quokkas
  9 ball pythons
  10 bats
  2 frilled lizards (D:2)
  8 kobolds
  3 rats
68 creatures vanquished.

Vanquished Creatures (others)
  5 withered plants (D:2)
5 creatures vanquished.

Grand Total: 73 creatures vanquished

Notes
Turn   | Place    | Note
-------+----------+-------------------------------------------
     0 | D:1      | leviel the Minotaur Monk began the quest for the Orb.
     0 | D:1      | Reached XP level 1. HP: 19/19 MP: 0/0
    68 | D:1      | Reached XP level 2. HP: 25/27 MP: 1/1
   298 | D:1      | Reached skill level 4 in Axes
   755 | D:2      | Reached XP level 3. HP: 33/33 MP: 2/2
   814 | D:2      | Noticed Jessica
   816 | D:2      | Killed Jessica
   880 | D:2      | Noticed Terence
   891 | D:2      | Killed Terence
   892 | D:2      | Reached XP level 4. HP: 32/41 MP: 3/3
  1116 | D:2      | Found a faded altar of an unknown god.
  1362 | D:2      | Reached skill level 5 in Axes
  1638 | D:3      | HP: 2/41 [gnoll/+0 halberd (11)]
  1991 | D:4      | Found a hazy altar of Hepliaklqana.
  2003 | D:4      | Found a shimmering blue altar of Sif Muna.
  2046 | D:4      | Reached XP level 5. HP: 19/47 MP: 4/4
  2370 | D:4      | Found a blossoming altar of Fedhas.
  2444 | D:4      | Found a shimmering altar of Xom.
  2451 | D:4      | Found a shimmering altar of Xom.
  2695 | D:4      | Found a radiant altar of Vehumet.
  2865 | D:5      | Entered Level 5 of the Dungeon
  2916 | D:5      | Found a staircase to the Ecumenical Temple.
  2917 | D:5      | Noticed Menkaure
  2935 | D:5      | Mangled by Menkaure

Illustrated notes

Levels and vault maps discovered:
D:1:      dpeg_arrival_stone_temple_mockup, layout_basic
D:2:      layout_loops_ring, ebering_ecumenical_altar_petrified, uniq_jessica,
          uniq_terence
D:3:      minmay_skewed_foursquare, layout_basic, uniq_natasha
D:4:      layout_rooms, kennysheep_mini, xom_redecorated, lemuel_tele_altar,
          amethyst_overflow_temple_binary, minivault_14,
          chequers_serial_rivers_small_3
D:5:      layout_gridville, minmay_temple_entry_slanted, serial_shops, shop,
          shop, grunt_decor_one_mirror, uniq_menkaure, uniq_grinder

Skill      XL: |  1  2  3  4 |
---------------+-------------+-----
Axes           | 4 5 |  5.6
Fighting       | 4 |  4.5
Stealth        | 2 |  2.6
Dodging        | 4 |  4.2

Action                   |  1- 3 |  4- 6 || total
-------------------------+-------+-------++-------
Melee: Hand axe          |    53 |    79 ||   132
       Headbutt          |    11 |    17 ||    28
  Use: Potion            |       |     1 ||     1
 Stab: Sleeping          |     5 |     5 ||    10
Armor: Robe              |     9 |    10 ||    19
       Ring mail         |       |     1 ||     1
Dodge: Dodged            |    50 |    54 ||   104

Table legend: (Time is in decaauts)
 A = Elapsed time spent in this place.
 B = Non-inter-level travel time spent in this place.
 C = Inter-level travel time spent in this place.
 D = Time resting spent in this place.
 E = Time spent auto-exploring this place.
 F = Levels seen in this place.
 G = Mean time per level.
                   A        B        C        D        E       F      G
               +--------+--------+--------+--------+--------+-----+--------+
         Total |   2941 |   2827 |    114 |    558 |   1830 |   5 |  588.2 |
       Dungeon |   2941 |   2827 |    114 |    558 |   1830 |   5 |  588.2 |
               +--------+--------+--------+--------+--------+-----+--------+

Top non-repeatable levels by time:
     D:4: 1199 daAuts
     D:2: 880 daAuts
     D:1: 736 daAuts
     D:5: 69 daAuts
     D:3: 55 daAuts
